AoeStats
← posteau.w

Arabia

505506746Analyzed
2v2 RM · 22d ago on Sep 9, 2026· 47m 8s· 4 players
Game mode
Random Map
Map size
Medium (4 player)
Population
200
Speed
Normal
Resources
Standard
Victory
Conquest
Starting age
Dark Age
Ending age
Imperial Age
RankedLock teamsTeams togetherTeam positionsShared explorationLock speedFull tech treeHidden civsTurbo modeCheats
Victory
Defeat
🇨🇦 Japanese · Canada
734
+18
🇧🇪 Franks · Belgium
726
+18
🇵🇱 Britons · Poland
778
-46
🇩🇰 Burgundians · Denmark
778
-46
V snacks
5:15 Loom
12:58 Feudal Age
13:46 Town Watch
14:36 Horse Collar
15:28 Double-Bit Axe
20:51 Castle Age
21:05 Wheelbarrow
21:10 Pikeman
21:51 Squires
22:40 Heavy Plow
23:02 Bow Saw
24:04 Scale Mail Armor
24:15 Forging
25:45 Hand Cart
28:15 Chain Mail Armor
28:37 Iron Casting
31:33 Fletching
34:55 Imperial Age
39:12 Two-Man Saw
40:58 Kataparuto
45:21 Arson
46:13 Plate Mail Armor
46:44 Blast Furnace
posteau.w
10:14 Feudal Age
11:45 Loom
14:14 Double-Bit Axe
18:30 Forging
24:25 Castle Age
22:42 Stone Mining
22:43 Gold Mining
25:30 Bow Saw
26:01 Gold Shaft Mining
26:51 Wheelbarrow
28:53 Husbandry
31:22 Hand Cart
34:36 Iron Casting
34:07 Scale Barding Armor
39:09 Imperial Age
39:40 Cavalier
42:14 Conscription
41:58 Chivalry
41:38 Paladin
43:49 Elite Throwing Axeman
46:45 Blast Furnace
46:05 Chain Barding Armor
46:33 #83
TwójStary
2:34 Loom
10:11 Feudal Age
12:59 Wheelbarrow
12:09 Town Watch
12:51 Double-Bit Axe
17:16 Arson
24:40 Castle Age
23:17 Stone Mining
23:52 Man-at-Arms
26:23 Hand Cart
27:18 Gold Mining
26:55 Crossbowman
26:55 Elite Skirmisher
27:39 Husbandry
28:54 Town Patrol
31:32 Gold Shaft Mining
31:01 Pikeman
31:26 Gambesons
34:23 Forging
34:14 Padded Archer Armor
34:14 Scale Mail Armor
37:10 Squires
37:20 Scale Barding Armor
37:05 Fletching
43:46 Chain Barding Armor
fra_nikolaus
7:05 Wheelbarrow
8:48 Loom
15:53 Feudal Age
17:42 Hand Cart
17:29 Double-Bit Axe
22:17 Horse Collar
28:18 Heavy Plow
33:26 Padded Archer Armor
33:30 Scale Mail Armor
33:44 Forging
36:52 Castle Age
41:29 Pikeman
42:33 Chain Mail Armor
42:57 Iron Casting
42:32 Squires
Connection lost

Rejoining the realm…

Still unreachable

The connection could not be restored.

Session expired

The server has moved on; the page needs a fresh start.